 Dungeon Crawl Stone Soup version 0.22-a0-422-g9628fc8 (webtiles) character file.

1689908 Serpenta the Halfling Blade (level 27, 316/316 HPs)
             Began as a Halfling Chaos Knight on May 18, 2018.
             Escaped with the Orb
             ... and 3 runes!
             The game lasted 03:38:17 (73545 turns).

Serpenta the Halfling Blade (HaCK)                 Turns: 73545, Time: 03:38:17

Health: 316/316    AC: 59    Str: 31    XL:     27
Magic:  29/29      EV: 39    Int: 15    God:    Xom [...*..]
Gold:   7335       SH:  0    Dex: 30    Spells: 23/26 levels left

rFire    + + .     SeeInvis .   a - +9 double sword (elec) {god gift}
rCold    + + .     Gourm    .   (shield currently unavailable)
rNeg     . . .     Faith    .   L - +13 crystal plate armour "Ofynweq" {+Blink}
rPois    +         Spirit   .   v - +2 hat
rElec    +         Reflect  .   D - +2 cloak {rC+}
rCorr    .         Harm     .   X - +2 pair of gloves {Dex+3}
MR       ++...                  S - +0 pair of boots "Iryesmif" {+Blink rF++ Int-4 Dex+4}
Stlth    ..........             H - amulet of rage
HPRegen  0.62/turn              T - ring of Lurinuadd {Wiz rElec Slay+3}
MPRegen  0.21/turn              p - ring "Zuptiu" {rPois Stlth+}

@: mighty, brilliant, agile, berserking, studying Staves, very quick
A: small, talons 1, repulsion field 1, thin metallic scales 1, yellow scales 1,
blink, clever 2, cold resistance 1, mutation resistance 1, shaggy fur 1, strong
2
0: Orb of Zot
}: 3/15 runes: decaying, silver, gossamer
a: Blink, Renounce Religion, Evoke Blink, Evoke Berserk Rage


You escaped.
You worshipped Xom.
You were a favourite toy of Xom.
You were not hungry.

You visited 10 branches of the dungeon, and saw 52 of its levels.
You visited the Abyss 1 time.
You also visited: Ossuary, Bailey, Ice Cave, Volcano and Wizlab.

You collected 10309 gold pieces.
You spent 2974 gold pieces at shops.


Innate Abilities, Weirdness & Mutations

You are small and have problems with some larger weapons.
You are somewhat resistant to further mutation.
You have sharp toenails.
You are surrounded by a mild repulsion field. (EV +2)
You are partially covered in thin metallic scales. (AC +2)
You are partially covered in yellow scales. (AC +2)
You can translocate small distances at will.
Your mind is very acute. (Int +4)
Your flesh is cold resistant. (rC+)
You are covered in fur. (AC +1)
Your muscles are very strong. (Str +4)


   Skills:
 + Level 23.2 Fighting
 - Level 26.1 Long Blades
 - Level 24.1 Armour
 - Level 24.0 Dodging
 - Level 9.0 Evocations


You had 23 spell levels left.
You knew the following spells:

 Your Spells              Type           Power        Failure   Level  Hunger
a - Apportation           Tloc           #.....       17%         1    ##.....
b - Blink                 Tloc           N/A          26%         2    ###....

Your spell library contained the following spells:

 Spells                   Type           Power        Failure   Level  Hunger
 Magic Dart               Conj           #...         17%         1    ##.....
 Fireball                 Conj/Fire      #.........   97%         5    ######.
 Conjure Flame            Conj/Fire      #.......     43%         3    ####...
 Bolt of Fire             Conj/Fire      #.........   100%        6    #######
 Bolt of Cold             Conj/Ice       #.........   100%        6    #######
 Lightning Bolt           Conj/Air       #.........   97%         5    ######.
 Slow                     Hex            #.......     26%         2    ###....
 Confuse                  Hex            #.......     43%         3    ####...
 Invisibility             Hex            #.......     100%        6    #######
 Throw Flame              Conj/Fire      #.....       26%         2    ###....
 Throw Frost              Conj/Ice       #.....       26%         2    ###....
 Freezing Cloud           Conj/Ice/Air   #.........   100%        6    #######
 Mephitic Cloud           Conj/Pois/Air  #.......     43%         3    ####...
 Ring of Flames           Chrm/Fire      #.........   100%        7    #######
 Venom Bolt               Conj/Pois      #.........   97%         5    ######.
 Olgreb's Toxic Radiance  Pois           #.......     78%         4    #####..
 Death's Door             Chrm/Necr      #.........   100%        8    #######
 Summon Small Mammal      Summ           #...         17%         1    ##.....
 Summon Horrible Things   Summ           #.........   100%        8    #######
 Animate Dead             Necr           N/A          78%         4    #####..
 Animate Skeleton         Necr           N/A          17%         1    ##.....
 Haunt                    Necr/Summ      #.........   100%        7    #######
 Borgnjor's Revivificati  Necr           #.........   100%        8    #######
 Freeze                   Ice            #...         17%         1    ##.....
 Ozocubu's Refrigeration  Ice            #.........   100%        6    #######
 Sticky Flame             Conj/Fire      #.......     78%         4    #####..
 Summon Ice Beast         Ice/Summ       #.......     78%         4    #####..
 Ozocubu's Armour         Chrm/Ice       #.......     43%         3    ####...
 Call Imp                 Summ           #.......     26%         2    ###....
 Regeneration             Chrm/Necr      #.........   43%         3    ####...
 Sting                    Conj/Pois      #...         17%         1    ##.....
 Tukima's Dance           Hex            #.......     43%         3    ####...
 Summon Demon             Summ           #.........   97%         5    ######.
 Summon Greater Demon     Summ           #.........   100%        7    #######
 Corpse Rot               Necr           N/A          26%         2    ###....
 Stone Arrow              Conj/Erth      #.....       43%         3    ####...
 Swiftness                Chrm/Air       #.......     26%         2    ###....
 Recall                   Summ/Tloc      N/A          43%         3    ####...
 Blade Hands              Tmut           #.........   97%         5    ######.
 Ice Form                 Ice/Tmut       #.......     78%         4    #####..
 Necromutation            Tmut/Necr      #.........   100%        8    #######
 Death Channel            Necr           #.........   100%        6    #######
 Throw Icicle             Conj/Ice       #.......     78%         4    #####..
 Shadow Creatures         Summ           N/A          100%        6    #######
 Confusing Touch          Hex            #.....       17%         1    ##.....
 Flame Tongue             Conj/Fire      #....        17%         1    ##.....
 Passwall                 Tmut/Erth      #.........   26%         2    ###....
 Ignite Poison            Fire/Tmut/Pois #.......     43%         3    ####...
 Call Canine Familiar     Summ           #.......     43%         3    ####...
 Ensorcelled Hibernation  Hex/Ice        #.....       26%         2    ###....
 Metabolic Englaciation   Hex/Ice        #.........   97%         5    ######.
 Summon Butterflies       Summ           #.......     17%         1    ##.....
 Silence                  Hex/Air        #.........   97%         5    ######.
 Shatter                  Erth           #.........   100%        9    #######
 Static Discharge         Conj/Air       #.......     43%         3    ####...
 Corona                   Hex            #......      17%         1    ##.....
 Alistair's Intoxication  Tmut/Pois      #.......     97%         5    ######.
 Lee's Rapid Deconstruct  Erth           #.........   97%         5    ######.
 Sandblast                Erth           #.....       17%         1    ##.....
 Simulacrum               Ice/Necr       #.........   100%        6    #######
 Monstrous Menagerie      Summ           #.........   100%        7    #######
 Petrify                  Tmut/Erth      #.......     78%         4    #####..
 Passage of Golubria      Tloc           N/A          78%         4    #####..
 Malign Gateway           Summ/Tloc      #.........   100%        7    #######
 Tornado                  Air            #.........   100%        9    #######
 Leda's Liquefaction      Hex/Erth       #.........   78%         4    #####..
 Summon Hydra             Summ           #.........   100%        7    #######
 Darkness                 Hex            #.........   100%        6    #######
 Shroud of Golubria       Chrm/Tloc      #.........   26%         2    ###....
 Inner Flame              Hex/Fire       #.......     43%         3    ####...
 Aura of Abjuration       Summ           #.........   97%         5    ######.
 Beastly Appendage        Tmut           #.....       17%         1    ##.....
 Dazzling Spray           Conj/Hex       #.....       43%         3    ####...
 Infusion                 Chrm           #...         17%         1    ##.....
 Song of Slaying          Chrm           #.......     26%         2    ###....
 Spectral Weapon          Hex/Chrm       #.......     43%         3    ####...
 Summon Forest            Summ/Tloc      #.........   97%         5    ######.
 Summon Lightning Spire   Summ/Air       #.......     78%         4    #####..
 Summon Guardian Golem    Hex/Summ       #.......     43%         3    ####...
 Summon Mana Viper        Hex/Summ       #.......     97%         5    ######.
 Hydra Form               Tmut           #.........   100%        6    #######
 Infestation              Necr           #.........   100%        8    #######
 Lesser Beckoning         Tloc           #.........   43%         3    ####...
 Poisonous Vapours        Pois/Air       #.....       26%         2    ###....
 Ignition                 Fire           #.........   100%        8    #######
 Borgnjor's Vile Clutch   Necr/Erth      #.........   97%         5    ######.

Action                   |  1- 3 |  4- 6 |  7- 9 | 10-12 | 13-15 | 16-18 | 19-21 | 22-24 | 25-27 || total
-------------------------+-------+-------+-------+-------+-------+-------+-------+-------+-------++-------
Melee: Falchion          |   100 |   112 |       |       |       |       |       |       |       ||   212
       Whip              |       |   148 |       |       |       |       |       |       |       ||   148
       Double sword      |       |     9 |   315 |   670 |  1112 |  1754 |  1712 |  1544 |  3032 || 10148
       Headbutt          |       |       |       |       |    90 |   617 |   682 |   121 |   291 ||  1801
       Scimitar          |       |       |       |       |     9 |       |       |       |       ||     9
       Kick              |       |       |       |       |     5 |       |       |       |       ||     5
 Abil: Evoke Berserk Rag |       |       |       |       |       |     2 |     2 |     2 |     4 ||    10
       Evoke Flight      |       |       |       |       |       |       |       |     1 |       ||     1
       Evoke Blink       |       |       |       |       |       |       |       |       |     4 ||     4
Evoke: Wand              |       |       |       |    18 |    20 |    47 |    30 |    15 |    14 ||   144
       Sack of spiders   |       |       |       |     1 |       |       |       |       |       ||     1
       Lightning rod     |       |       |       |       |       |       |     3 |     3 |     6 ||    12
       Lamp of fire      |       |       |       |       |       |       |       |     1 |       ||     1
  Use: Scroll            |     2 |     3 |    12 |    13 |     6 |    22 |     5 |    11 |    26 ||   100
       Potion            |       |     3 |     2 |       |     6 |     9 |     5 |     5 |    38 ||    68
 Stab: Paralysed         |       |     2 |       |    17 |    28 |    10 |    10 |       |       ||    67
       Confused          |       |     1 |       |     3 |    10 |     7 |     2 |     7 |    18 ||    48
       Petrified         |       |       |    19 |       |       |       |       |     7 |       ||    26
       Invisible         |       |       |       |     2 |     1 |    33 |       |     1 |     6 ||    43
       Sleeping          |       |       |       |     4 |     2 |     1 |       |       |       ||     7
       Petrifying        |       |       |       |     1 |       |       |       |       |       ||     1
       Distracted        |       |       |       |       |     3 |       |     2 |     6 |    10 ||    21
       Held in net/web   |       |       |       |       |       |     1 |     2 |       |       ||     3
       Betrayed ally     |       |       |       |       |       |       |       |       |     2 ||     2
  Eat: Chunk             |     1 |     7 |     8 |    11 |    18 |    14 |    17 |    17 |    25 ||   118
       Ration            |       |     1 |     2 |     3 |     4 |     8 |     5 |     4 |    16 ||    43
Armor: Leather armour    |    25 |    90 |    74 |    49 |       |       |       |       |       ||   238
       Skin              |       |     1 |    19 |       |    12 |       |       |       |       ||    32
       Chain mail        |       |       |    24 |       |       |       |       |       |       ||    24
       Ring mail         |       |       |       |    60 |   157 |       |       |       |       ||   217
       Plate armour      |       |       |       |       |   215 |   124 |       |       |       ||   339
       Crystal plate arm |       |       |       |       |       |  1032 |  1122 |   758 |  1412 ||  4324
Dodge: Dodged            |    64 |   197 |   261 |   625 |   908 |  1478 |  1354 |  1361 |  2733 ||  8981
Block: Other             |       |       |       |       |       |       |       |   139 |   280 ||   419
       Reflection        |       |       |       |       |       |       |       |     6 |    17 ||    23
       Rpst.: Falchion   |    20 |    20 |       |       |       |       |       |       |       ||    40
       Double sword      |       |     2 |    74 |   160 |   234 |   283 |   270 |   265 |   480 ||  1768
       Scimitar          |       |       |       |       |     4 |       |       |       |       ||     4

Inventory:

Hand Weapons
 a - a +9 double sword of electrocution (weapon) {god gift}
Armour
 v - a +2 hat (worn)
 D - a +2 cloak of cold resistance (worn)
 I - the +2 pair of boots of the Assassin {Detection Stab+ Stlth++}
   (You acquired it on level 1 of the Orcish Mines)

   It makes you much more stealthy.
 L - the +13 crystal plate armour "Ofynweq" (worn) {+Blink}
   (You acquired it on level 2 of the Orcish Mines)

   It lets you blink.
 S - the +0 pair of boots "Iryesmif" (worn) {+Blink rF++ Int-4 Dex+4}
   (You found it on level 6 of the Lair of Beasts)

   It affects your intelligence (-4).
   It affects your dexterity (+4).
   It greatly protects you from fire.
   It lets you blink.
 X - a +2 pair of gloves of dexterity (worn)
Jewellery
 d - an uncursed ring of protection from fire
 p - the ring "Zuptiu" (right hand) {rPois Stlth+}
   (You found it on level 3 of the Swamp)

   [ring of poison resistance]

   It protects you from poison.
   It makes you more stealthy.
 x - an uncursed ring of resist corrosion
 y - an uncursed ring of protection from cold
 H - an amulet of rage (around neck)
 M - a +5 amulet of reflection
 O - an uncursed amulet of regeneration
 T - the ring of Lurinuadd (left hand) {Wiz rElec Slay+3}
   (You took it off a vault warden on level 5 of the Vaults)

   [ring of wizardry]

   It improves your spell success rate.
   It affects your accuracy and damage with ranged weapons and melee attacks
   (+3).
   It insulates you from electricity.
 W - the ring "Apueh" {+Inv +Fly rN+ MR+}
   (You found it on level 3 of the Swamp)

   [ring of protection from magic]

   It protects you from negative energy.
   It affects your resistance to hostile enchantments.
   It lets you turn invisible.
   It lets you fly.
 Y - an uncursed ring of see invisible
Wands
 m - a wand of scattershot (4)
 s - a wand of clouds (6)
 E - a wand of iceblast (16)
 F - a wand of digging (28)
 J - a wand of acid (19)
Scrolls
 f - a scroll of fear
 g - 13 scrolls of fog
 h - 24 scrolls of remove curse
 i - 5 scrolls of teleportation
 o - 2 scrolls of blinking
 u - a scroll of holy word
 w - 3 scrolls of silence
 K - 3 scrolls of enchant armour
 N - 11 scrolls of identify
 P - 2 scrolls of enchant weapon
 Q - a scroll of magic mapping
Potions
 b - a potion of ambrosia
 e - 5 potions of mutation
 j - 5 potions of haste
 k - 4 potions of might
 l - 5 potions of resistance
 n - 8 potions of flight
 q - 5 potions of heal wounds
 r - 13 potions of curing
 z - 6 potions of magic
 U - 3 potions of brilliance
 Z - a potion of cancellation
Books
 t - a manual of Staves
Miscellaneous
 A - 2 phantom mirrors
 G - a phial of floods
 R - a lamp of fire
 V - a lightning rod (4/4)
Comestibles
 c - 67 rations

.####.# #..''..''...♣8♣...++.
......# #.≈###.##...≈♣≈...##.
.....###### #.≈#≈#.8#.........#8.
.....'....# #.≈♣♣8.#♣≈.......≈♣#.
.....####.# #.≈#≈#.##♣♣.....♣♣##.
.....'....# #.≈###'######'######'
.....########.≈#8...8##8#'#8##8..
......##......≈#.....'.......'...
.......#.####.≈#@...8####8####8..
.....(.#.# #.≈#######≈#≈♣≈#≈####
.......#.# #.≈≈≈≈≈≈≈≈≈#####≈≈≈≈≈
.......#.# #...............####.
.......#.# ###############..###.
.......#'##### ###..........
#'#'#'#).....# #...####.###.
#.#.#.#......# #...####.###.
#.#.#(#......# #...+........


There were no monsters in sight!

Vanquished Creatures
  3 orbs of fire
  A juggernaut (Depths:2)
  3 ancient liches
  Mennas (Crypt:3)
  Margery (Crypt:2)
  2 Killer Klowns (Zot:5)
  2 curse toes
  7 caustic shrikes
  14 golden dragons
  A bone dragon (Crypt:3)
  7 electric golems
  5 liches
  Jorgrun (Depths:1)
  13 tentacled monstrosities
  7 quicksilver dragons
  2 deep elf blademasters (Elf:3)
  7 titans
  An Ice Fiend (IceCv)
  18 Orb Guardians
  2 deep elf master archers (Elf:3)
  8 death cobs
  An ancient champion (Crypt:1)
  Frances (Elf:1)
  21 storm dragons
  9 sphinxes
  4 thorn hunters
  10 shadow dragons
  10 draconian monks
  10 tengu reavers
  7 draconian scorchers
  An orc warlord (Vaults:4)
  13 fire giants
  10 frost giants
  6 iron dragons
  20 vault wardens
  Louise (Swamp:1)
  A balrug (Depths:4)
  8 draconian knights
  5 draconian shifters
  Aizul (Depths:3)
  7 deep elf elementalists
  9 ghost moths
  2 curse skulls
  6 deep elf sorcerers
  2 emperor scorpions
  4 draconian stormcallers
  A ghoul (Vaults:5)
  11 ironheart preservers
  20 stone giants
  2 spriggan defenders
  8 war gargoyles
  6 draconian annihilators
  15 green draconians
  19 very ugly things
  5 vampire knights
  2 entropy weavers
  8 black draconians
  13 deep elf demonologists
  13 red draconians
  4 deep elf annihilators
  8 spark wasps
  12 white draconians
  13 yellow draconians
  10 deep elf death magi
  15 ettins
  9 purple draconians
  2 green deaths (Swamp:4)
  6 eidola
  3 crystal guardians
  The ghost of Ratty the Grappler, a journeyman TrBe of Trog (Lair:2)
  2 jiangshi (Crypt:1)
  A death ooze (Swamp:4)
  2 merfolk impalers
  Snorg (D:14)
  6 fire dragons
  17 yaktaur captains
  Josephine (D:13)
  14 ogre magi
  A quicksilver dragon skeleton (Crypt:3)
  12 ice dragons
  16 hydras
  6 deep elf high priests
  4 rakshasas
  9 great orbs of eyes
  3 spriggan air magi
  7 death knights
  2 hell beasts (Swamp:4)
  34 vault guards
  11 centaur warriors
  13 alligators
  60 two-headed ogres
  5 death yaks (D:8)
  13 deep troll earth magi
  27 dancing weapons
  7 tengu warriors
  Urug (Lair:4)
  7 deep troll shamans
  3 vampire magi
  A soul eater (Abyss:3)
  2 spriggan berserkers
  4 iron golems (WizLab)
  5 orc high priests
  Nergalle (D:12)
  2 sun demons (Depths:4)
  A sixfirhy (Depths:3)
  3 shadow wraiths
  20 skeletal warriors
  6 iron trolls
  12 deep elf knights
  A storm dragon skeleton (Crypt:3)
  A wretched star (Abyss:3)
  16 hell knights
  A shadow demon (Zot:3)
  26 deep trolls
  A golden dragon zombie (Crypt:2)
  2 spatial maelstroms (Abyss:3)
  3 glowing orange brains
  11 unseen horrors
  An orange crystal statue (Depths:4)
  2 spriggan druids
  5 flayed ghosts
  4 wizards
  23 ironbrand convokers
  A torturous demonspawn (Depths:3)
  An anaconda zombie (Abyss:3)
  15 deep elf archers
  5 swamp dragons (Swamp:4)
  An iron giant skeleton (Crypt:1)
  7 necromancers
  4 shambling mangroves
  8 phantasmal warriors
  17 orb spiders
  10 orc knights
  A shadow dragon zombie (Vaults:5)
  28 wolf spiders
  6 orc sorcerers
  2 fire giant zombies
  34 ugly things
  54 deep elf magi
  2 wolf spiders (shapeshifter)
  25 moths of wrath
  A stone giant skeleton (Vaults:5)
  A worldbinder (Abyss:3)
  A shock serpent zombie (Crypt:1)
  2 moths of wrath (shapeshifter)
  3 cyclopes
  A frost giant zombie (Crypt:3)
  3 frost giant skeletons (Crypt:3)
  2 ice statues
  5 elephants
  16 vault sentinels
  A guardian serpent (shapeshifter) (Elf:1)
  An eye of devastation (shapeshifter) (Depths:2)
  A black mamba (Lair:5)
  7 smoke demons
  2 black mambas (shapeshifter)
  2 orange demons
  A water nymph (Depths:5)
  The ghost of Amnesiac the Transmogrifier, a novice SpTm of Okawaru (D:7)
  A centaur skeleton (D:13)
  8 gargoyles
  17 spiny frogs
  A human zombie (Vaults:1)
  2 efreet
  10 komodo dragons
  11 demonic crawlers
  3 rime drakes
  2 tormentors
  3 anaconda simulacra (IceCv)
  2 golden dragon simulacra (IceCv)
  3 hellwings
  7 red devils
  2 purple draconian skeletons (Crypt:1)
  52 yaktaurs
  12 freezing wraiths
  4 guardian mummies
  4 tengu conjurers
  7 ice devils
  A queen bee (Depths:2)
  31 jumping spiders
  8 tyrant leeches
  4 trolls
  A polar bear (shapeshifter) (Vaults:3)
  3 meliai (D:15)
  A wind drake (Lair:5)
  30 hornets
  3 polar bears
  Prince Ribbit (D:6)
  23 blink frogs
  43 slime creatures
  A fire dragon zombie (Crypt:3)
  A hydra skeleton (Crypt:1)
  A raiju (shapeshifter) (Vaults:4)
  A hippogriff (shapeshifter) (Vaults:4)
  A death drake skeleton (Crypt:2)
  A hornet (shapeshifter) (Vaults:3)
  Grinder (D:5)
  An ettin zombie (Crypt:3)
  A satyr zombie (Crypt:2)
  17 hippogriffs
  8 bog bodies
  A snapping turtle (shapeshifter) (Depths:2)
  A spriggan (shapeshifter) (Vaults:4)
  An ushabti (Crypt:3)
  2 air elementals
  9 shadows
  A satyr skeleton (Crypt:2)
  14 spriggans
  A vampire (D:11)
  4 starcursed masses (Abyss:3)
  69 redbacks
  A fire dragon skeleton (Crypt:1)
  A tarantella (shapeshifter) (Elf:1)
  A ynoxinul (Zot:1)
  2 ice dragon skeletons
  16 water elementals
  28 tarantellas
  10 wyverns
  Eustachio (D:5)
  5 dire elephant simulacra (IceCv)
  15 wraiths
  19 humans
  12 basilisks
  3 fire elementals
  36 yaks
  2 small abominations
  A black mamba skeleton (Crypt:2)
  2 yaks (shapeshifter)
  2 neqoxecs
  22 vampire mosquitoes
  A death yak simulacrum (IceCv)
  A chaos spawn (D:1)
  4 hungry ghosts
  Menkaure (D:5)
  3 harpy simulacra (IceCv)
  12 swamp worms
  4 wargs
  3 acid dragons
  A soldier ant (D:13)
  3 iron troll simulacra (IceCv)
  2 large abominations (Swamp:4)
  10 swamp drakes
  A human skeleton (Vaults:5)
  5 porcupines
  A hydra simulacrum (IceCv)
  A spiny frog skeleton (Crypt:3)
  11 water moccasins
  A floating eye (Vaults:2)
  A floating eye (shapeshifter) (Swamp:4)
  50 orc warriors
  8 sky beasts
  3 ettin simulacra
  A snapping turtle zombie (Crypt:3)
  3 ice beasts
  A hornet zombie (Crypt:2)
  A black bear (D:10)
  An eye of draining (D:14)
  An eye of draining (shapeshifter) (Vaults:1)
  3 snapping turtle skeletons (Crypt:3)
  41 ogres
  2 phantoms
  3 boggarts (Depths:3)
  18 wolves
  A tengu (shapeshifter) (Depths:2)
  A torpor snail zombie (Crypt:1)
  The ghost of esc the Grave Robber, an amateur DsNe (D:3)
  30 centaurs
  A lindwurm skeleton (Crypt:2)
  7 crocodiles
  A big kobold (D:13)
  A salamander zombie (Crypt:1)
  10 earth elementals
  An elf zombie (Crypt:3)
  A wyvern zombie (D:12)
  23 bullfrogs
  8 gnoll sergeants (Bailey)
  A wyvern skeleton (Crypt:2)
  7 scorpions
  2 swamp dragon simulacra (IceCv)
  2 human simulacra
  28 killer bees
  An electric eel (Spider:3)
  3 howler monkeys
  6 crimson imps
  2 quasits
  3 bullfrog zombies
  5 hounds
  A draconian simulacrum (IceCv)
  2 hounds (shapeshifter)
  8 jellies
  4 gnoll shamans (Bailey)
  21 orc priests
  29 orc wizards
  A bullfrog skeleton (D:6)
  2 iron imps
  3 iguanas
  2 troll simulacra (IceCv)
  10 worker ants
  A spriggan simulacrum (IceCv)
  A wolf simulacrum (IceCv)
  2 centaur simulacra (IceCv)
  A deep dwarf zombie (Crypt:1)
  A deep dwarf skeleton (Crypt:1)
  A hound skeleton (D:11)
  A hound zombie (Ossuary)
  26 mummies
  A worker ant zombie (Ossuary)
  19 gnolls
  An adder (shapeshifter) (Depths:1)
  14 adders
  2 naga simulacra (IceCv)
  2 ogre simulacra (IceCv)
  6 shadow imps
  9 white imps
  7 ufetubi (IceCv)
  An ooze (D:3)
  2 adder zombies
  An adder skeleton (D:6)
  4 worms
  4 dart slugs
  10 leopard geckos
  113 orcs
  2 ball pythons
  8 bats
  7 giant cockroaches
  7 hobgoblins
  10 jackals
  A quokka (D:6)
  A ball python zombie (Ossuary)
  8 frilled lizards
  8 goblins
  3 jackal zombies
  11 kobolds
  A kobold zombie (Crypt:1)
  A leopard gecko zombie (D:6)
  A quokka skeleton (D:9)
  2 quokka zombies (Ossuary)
  7 rats
  2 briar patches (Swamp:2)
  A crawling corpse (Elf:1)
  A fire vortex (Depths:4)
  A fungus (Lair:6)
  A withered plant (Crypt:3)
2553 creatures vanquished.

Vanquished Creatures (collateral kills)
  Saint Roka (Orc:2)
  2 sphinxes (Depths:2)
  A fire giant (Vaults:5)
  A vault warden (Vaults:5)
  A draconian knight (Zot:2)
  A very ugly thing (Depths:1)
  2 black draconians (Zot:2)
  A merfolk javelineer (Depths:4)
  A merfolk impaler (Depths:2)
  An ettin (Depths:1)
  A rakshasa (Depths:2)
  A centaur warrior (Depths:2)
  An ogre mage (Vaults:5)
  2 two-headed ogres (Vaults:5)
  A dancing weapon (Vaults:5)
  3 tengu warriors (Depths:2)
  2 hell knights (Depths:2)
  3 ugly things
  A moth of wrath (Zot:3)
  A vault sentinel (Vaults:4)
  An elephant (Lair:4)
  A centaur skeleton (D:11)
  2 yaktaurs (Vaults:3)
  A tengu conjurer (Depths:2)
  A blink frog (Lair:6)
  A yak (Lair:6)
  A floating eye (Depths:2)
  A centaur (shapeshifter) (Vaults:3)
  2 gnoll shamans (Bailey)
  3 gnolls (Bailey)
42 creatures vanquished.

Vanquished Creatures (others)
  A curse toe (Zot:4)
  A draconian knight (Zot:2)
  A stone giant (Depths:1)
  A yaktaur captain (Depths:5)
  2 two-headed ogres (Vaults:3)
  An ogre mage (Vaults:3)
  3 dancing weapons
  A swamp dragon (Swamp:1)
  2 ugly things
  A moth of wrath (Zot:5)
  2 yaktaurs
  A jumping spider (Spider:4)
  A water elemental (Elf:1)
  A redback (Spider:4)
  A spriggan (shapeshifter) (Vaults:4)
  3 vampire mosquitoes (Lair:6)
  A water moccasin (Lair:6)
  A bullfrog (Lair:6)
  An orc wizard (Elf:1)
  10 orcs
  A briar patch (Swamp:2)
  A fire vortex (Depths:4)
  9 fungi
  41 plants
  2 withered plants (Ossuary)
90 creatures vanquished.

Grand Total: 2685 creatures vanquished

Vault maps used:
D:1:      saegor_arrival_fortress, serial_bayou_lagoon_a, minmay_pentomino_v2
D:2:      hex_tiny
D:3:      first_ration
D:5:      minmay_temple_entry_crystal_x, st_stairs_2, uniq_eustachio,
          uniq_menkaure, uniq_grinder
D:7:      marbit_many_paths, the_bakery, uniq_prince_ribbit1
D:8:      dpeg_lair_monsters, enter_ossuary_1, serial_curves, eino_curves_04,
          eino_curves_02, eino_curves_01
D:11:     erik_orc_1, enter_bailey_8, abandoned_shop
D:12:     serial_shops, shop, uniq_nergalle
D:14:     grunt_vaults_entry_tiered, minmay_misc_feat_cross, uniq_josephine,
          uniq_snorg
D:15:     grunt_enter_depths_snipers, solitary_fountain
Lair:2:   swamp_mist, uniq_urug
Lair:3:   nicolae_spider_entry_tight_spaces
Lair:4:   special_room, st_stairs_5
Lair:5:   hangedman_lair_unloving_vines, grunt_megastairs_2
Lair:6:   minmay_lair_end_frog_pond, slime_altar_1, basic_altar, uniq_rupert
Swamp:1:  portal_ice_cave_entry_ice_statue_one, infiniplex_staircase_pool,
          uniq_louise
Swamp:2:  nicolae_swamp_dense_foliage
Swamp:3:  gammafunk_its_a_trap, hangedman_swamp_diagram, uniq_roxanne
Swamp:4:  swamp_vile, infiniplex_staircase_pool_2
Spider:2: nicolae_orb_stairs
Spider:3: guppyfry_spider_mini_2
Spider:4: grunt_spider_rune_island, hangedman_spider_tarantella_strand
Orc:1:    serial_shops, shop, basic_altar, nicolae_orc_flooded_monolith
Orc:2:    grunt_orc_community_town_hall, grunt_orc_community_big_house_2,
          grunt_orc_community_big_house_2, grunt_orc_community_house_1,
          grunt_orc_community_house_1, grunt_orc_community_house_2,
          grunt_orc_community_house_1, grunt_orc_community_house_3,
          grunt_orc_community_house_1, nicolae_volcano_entry_hallway
Elf:1:    minmay_elf_arrival_circle, serial_shops, shop_fountains, orc_legates,
          uniq_frances
Elf:2:    uniq_nikola
Elf:3:    elf_hall_gauntlet_narrow, basic_altar, serial_shops, shop,
          st_stairs_1, due_unseen_surprise
Vaults:1: ontoclasm_vaults_gateway, v_misc_12, nicolae_vaults_network_barrier,
          hangedman_vaults_stream, nicolae_vaults_sealed_display,
          ontoclasm_vaults_ring_square, ontoclasm_vaults_ligature, serial_ice_m,
          nicolae_vaults_specimen_jars
Vaults:2: nicolae_vaults_network_square, nicolae_vaults_little_squares_4,
          v_misc_19, minmay_crypt_entry_simple_box, v_misc_28,
          dpeg_vaults_monster_row, vaults_mumra_hex, v_misc_19
Vaults:3: ontoclasm_vaults_gallery, nicolae_vaults_little_ls,
          nicolae_vaults_border_crossing, vaults_mumra_minichess,
          vaults_mumra_chevron_long, v_pattern_3, v_misc_13, v_misc_33,
          vaults_room_door_ring, ontoclasm_vaults_claustrophobia,
          nicolae_vaults_stairing_the_circle, hangedman_vaults_maws,
          ontoclasm_vaults_loading_screen, v_alt_pattern_3, basic_altar
Vaults:4: vaults_dpeg_spiral, v_alt_pattern_1, hangedman_vaults_trim,
          grunt_vaults_hallway_long, nicolae_vaults_ninety_degrees,
          nicolae_vaults_halls_meeting, ontoclasm_vaults_misaligned,
          nicolae_vaults_what_the_h, v_rooms_1, v_misc_17,
          nicolae_vaults_rhombus_5, serial_shops, nicolae_shop_stone
Crypt:2:  grunt_megastairs_3
Crypt:3:  quadcrypt_mu, uniq_mennas, uniq_margery
Depths:1: hell_entry, nemelex_xobeh_ov_fountains_minmay,
          kennysheep_small_square, serial_bayou_shore_a, firewood_loft,
          roderic_lattice_octagonal_star, uniq_jorgrun
Depths:2: box_level_dp, hell_entry, pan_entry
Depths:3: minmay_dotted_concentric_squares, grunt_hell_entry_dis_old,
          mu_enter_wizlab_7, rand_demon_pan_entry_8, grunt_decor_mini_mirrors,
          uniq_aizul
Depths:4: cross_vault, hangedman_abyss_or_decor_stagger, lightli_too_deep,
          hangedman_abyss_entry_splay, serial_bayou_pond_e,
          minmay_protected_statue, minmay_staircase_bubble
Depths:5: grunt_zot_entry_gee_three, enter_ziggurat_e, lemuel_round_altar,
          hell_entry, pan_entry
Zot:1:    hangedman_player_shredder, grunt_megastairs_4
Zot:3:    grunt_deathspiral_small
Zot:4:    st_stairs_11
Zot:5:    grunt_ministairs_2
Abyss:3:  evilmike_abyss_rune_elephants_shrine
Ossuary:  ossuary_zaba_flooded
Bailey:   bailey_polearm_gnolls_kennysheep, bailey
IceCv:    ice_cave_caverns_01
Volcano:  kennysheep_volcano_temple
WizLab:   wizlab_doroklohe


Message History

The chaos spawn degenerates into a cloud of primal chaos!
(D) Dungeon (T) Temple (L) Lair (S) Swamp (N) Spider Nest (M) Slime Pits (O) Orcish Mines (E) Elven Halls (V) Vaults (C) Crypt (W) Tomb (U) Depths (H) Hell (Z) Zot
Where to? (Enter - D:1 @ (x,y), ? - help)
There is a large open door here.
There is a large open door here.
There is an open door here.
There is a staircase leading out of the dungeon here.
You feel very mighty all of a sudden.
You feel agile all of a sudden.
You feel clever all of a sudden.
Okay, then.
Put on which piece of jewellery? (? for menu, Esc to quit)
Okay, then.
A red film seems to cover your vision as you go berserk!
You feel yourself moving faster!
You feel mighty!
You feel a strong urge to attack something.
You have escaped!

Notes
Turn   | Place    | Note
-------+----------+-------------------------------------------
     0 | D:1      | Serpenta the Halfling Chaos Knight began the quest for the Orb.
     0 | D:1      | Reached XP level 1. HP: 15/15 MP: 1/1
   151 | D:1      | Reached XP level 2. HP: 20/20 MP: 2/2
   205 | D:1      | XOM: harmless Tmut miscast
   232 | D:1      | XOM: divination: detect items
   505 | D:1      | Reached skill level 4 in Long Blades
   505 | D:1      | Reached XP level 3. HP: 25/25 MP: 3/3
   543 | D:1      | XOM: harmless Tmut miscast
  1033 | D:1      | XOM: noise
  1413 | D:2      | Reached XP level 4. HP: 24/30 MP: 4/4
  1599 | D:2      | Reached skill level 5 in Long Blades
  1713 | D:2      | XOM: medium Ice miscast
  2021 | D:2      | XOM: confusion (+ monsters)
  2045 | D:2      | Reached XP level 5. HP: 17/35 MP: 5/5
  2164 | D:2      | XOM: noise
  2354 | D:2      | XOM: medium Ice miscast
  2727 | D:3      | Noticed esc's ghost (amateur DsNe)
  2845 | D:3      | XOM: confuse monster(s)
  2860 | D:3      | Reached skill level 6 in Long Blades
  2925 | D:3      | XOM: harmless Conj miscast
  2935 | D:3      | Reached XP level 6. HP: 41/41 MP: 6/6
  3032 | D:3      | XOM: enchant monster (bad)
  3086 | D:3      | XOM: summons 3 hostile demons
  3170 | D:3      | XOM is BORED!
  3170 | D:3      | XOM: polymorph rat -> river rat
  3447 | D:3      | XOM: medium Tmut miscast
  3521 | D:3      | XOM: harmless Air miscast
  3523 | D:3      | XOM: noise
  3715 | D:3      | XOM: harmless Summ miscast
  3840 | D:3      | Killed esc's ghost
  3840 | D:3      | Reached skill level 7 in Long Blades
  3907 | D:3      | XOM: god gift: 27 gold pieces {god gift}
  4143 | D:3      | XOM: summons 4 hostile shadow creatures
  4311 | D:3      | XOM: divination: magic mapping
  4373 | D:4      | XOM: scenery: 1 doors open, 1 doors close
  4459 | D:4      | XOM: harmless Summ miscast
  4473 | D:4      | XOM: god gift: double sword {god gift}
  4610 | D:4      | XOM: scenery: create altars
  4628 | D:4      | Noticed an ogre
  4648 | D:4      | Killed an ogre
  4648 | D:4      | Reached XP level 7. HP: 41/45 MP: 7/7
  4683 | D:4      | XOM: summons 3 hostile shadow creatures
  5042 | D:4      | XOM: scenery: 1 doors open
  5259 | D:4      | XOM: scenery: 1 doors open, 1 doors close
  5402 | D:5      | Entered Level 5 of the Dungeon
  5409 | D:5      | Noticed Grinder
  5555 | D:4      | XOM: scenery: create altars
  5605 | D:4      | XOM: god gift: knobbly glowing staff {god gift}
  5620 | D:4      | XOM: summons 1 friendly demon
  5623 | D:4      | Reached skill level 8 in Long Blades
  5646 | D:4      | XOM: polymorph ufetubus -> quasit
  5823 | D:5      | Found a staircase to the Ecumenical Temple.
  5878 | D:4      | XOM: cloud trail
  5945 | D:5      | Noticed Eustachio
  5949 | D:5      | XOM: scenery: 1 doors open
  5973 | D:5      | Killed Eustachio
  5973 | D:5      | Reached XP level 8. HP: 35/51 MP: 8/8
  6130 | D:5      | Reached skill level 9 in Long Blades
  6238 | D:5      | Noticed Menkaure
  6246 | D:5      | Killed Menkaure
  6367 | D:5      | XOM: god gift: 15 gold pieces {god gift}
  6435 | D:5      | XOM: enchant monster (good)
  6441 | D:5      | XOM: polymorph Grinder -> Grinder
  6445 | D:5      | Killed Grinder
  6445 | D:5      | Reached skill level 5 in Dodging
  6618 | D:5      | XOM: harmless Tmut miscast
  7269 | D:6      | Reached XP level 9. HP: 55/55 MP: 9/9
  7409 | D:6      | XOM: noise
  7736 | D:7      | Noticed Amnesiac's ghost (novice SpTm)
  7738 | D:7      | XOM is BORED!
  7738 | D:7      | XOM: swap monsters
  7749 | D:7      | XOM: noise
  7752 | D:7      | Noticed Prince Ribbit
  7763 | D:6      | Killed Prince Ribbit
  7850 | D:7      | XOM: harmless Erth miscast
  7858 | D:7      | XOM: summons 3 hostile shadow creatures
  8192 | D:7      | XOM: smoke on damage
  8283 | D:7      | XOM: scenery: create altars
  8288 | D:7      | XOM: 3-stop teleportation journey
  8344 | D:7      | XOM: cast spell 'Leda's Liquefaction'
  8345 | D:7      | XOM: divination: detect creatures
  8362 | D:7      | XOM: summons 3 hostile demons
  8549 | D:7      | XOM: noise
  8549 | D:7      | Killed Amnesiac's ghost
  8558 | D:7      | XOM: cast spell 'Summon Hydra'
  8559 | D:7      | Reached skill level 5 in Fighting
  8832 | D:7      | Found a deep blue altar of Sif Muna.
  9103 | D:8      | Reached XP level 10. HP: 68/68 MP: 10/10
  9130 | D:8      | Found a sand-covered staircase.
  9155 | Ossuary  | XOM: stealth player
  9155 | Ossuary  | Entered an ossuary
  9501 | Ossuary  | XOM: summons 1 hostile shadow creature
  9581 | Ossuary  | Reached skill level 10 in Long Blades
  9642 | Ossuary  | XOM: medium Conj miscast
  9748 | D:8      | Noticed a death yak
  9753 | D:8      | XOM: chaos cloud
  9770 | D:8      | XOM: potion effect (invisibility)
  9786 | D:8      | XOM: confuse monster(s)
  9959 | D:8      | Found a staircase to the Lair.
  9959 | D:8      | XOM: 4-stop teleportation journey
  9959 | D:8      | Noticed a death yak
  9959 | D:8      | Noticed a death yak
  9959 | D:8      | Noticed a death yak
  9971 | D:8      | XOM: destruction
  9982 | D:8      | XOM: enchant monster (bad)
  9988 | D:8      | XOM: potion effect (might)
  9988 | D:8      | Noticed a death yak
 10184 | D:8      | XOM: polymorph orc -> hound
 10612 | D:9      | XOM: scenery: create altars
 10634 | D:9      | XOM: give mutations
 10634 | D:9      | Gained mutation: You are robust. (+10% HP) [Xom's mischief]
 10634 | D:9      | Gained mutation: Your mind is acute. (Int +2) [Xom's mischief]
 10634 | D:9      | Gained mutation: You can translocate small distances at will. [Xom's mischief]
 10707 | D:9      | XOM: harmless Summ miscast
 10712 | D:9      | XOM: polymorph crimson imp -> iron imp
 10718 | D:9      | Reached skill level 11 in Long Blades
 10719 | D:9      | XOM: 3-stop teleportation journey
 10834 | D:9      | Noticed a two-headed ogre
 10836 | D:9      | XOM: god gift: scroll of fog {god gift}
 10849 | D:9      | Killed a two-headed ogre
 11093 | D:9      | XOM: god gift: scroll of fog {god gift}
 11096 | D:9      | Got a wavering iron ring
 11098 | D:9      | Identified the ring of Tiguhor {rN+ Str-5 Dex+9} (You found it on level 9 of the Dungeon)
 11135 | D:9      | XOM: give mutations
 11135 | D:9      | Gained mutation: You are partially covered in iridescent scales. (AC +2) [Xom's grace]
 11135 | D:9      | Gained mutation: Your spells are a little harder to cast, but a little more powerful. [Xom's grace]
 11135 | D:9      | Gained mutation: You are agile. (Dex +2) [Xom's grace]
 11181 | D:10     | Entered Level 10 of the Dungeon
 11287 | D:10     | XOM: noise
 11294 | D:10     | XOM: confusion (+ monsters)
 11404 | D:10     | Reached XP level 11. HP: 79/79 MP: 13/13
 11451 | D:10     | XOM: enchant monster (bad)
 11515 | D:10     | XOM: 4-stop teleportation journey
 11736 | D:10     | XOM: 2-stop teleportation journey
 11948 | D:10     | XOM: noise
 12090 | D:10     | Reached skill level 12 in Long Blades
 12136 | D:10     | Reached skill level 5 in Evocations
 12561 | D:11     | XOM: enchant monster (good)
 12609 | D:10     | XOM: harmless Summ miscast
 12616 | D:10     | XOM: confuse monster(s)
 12642 | D:11     | Noticed a two-headed ogre
 12660 | D:11     | Found a flagged portal.
 12670 | D:11     | XOM: divination: magic mapping
 12671 | Bailey   | Entered a bailey
 12981 | Bailey   | XOM: harmless Pois miscast
 13118 | Bailey   | Got a heavily runed ring mail
 13131 | Bailey   | Identified the +6 ring mail "Olekujub" {+Fly rPois Int-4} (You found it in a bailey)
 13170 | Bailey   | XOM: medium Chrm miscast
 13446 | D:11     | XOM: divination: magic mapping
 13470 | D:11     | Reached skill level 13 in Long Blades
 13629 | D:11     | XOM: confuse monster(s)
 13641 | D:11     | XOM: summons 2 friendly demons
 13642 | D:11     | XOM: confuse monster(s)
 13648 | D:11     | Killed a two-headed ogre
 13686 | D:11     | Reached XP level 12. HP: 69/86 MP: 16/16
 13708 | D:11     | XOM: give mutations
 13708 | D:11     | Gained mutation: You have supernaturally acute eyesight. (SInv) [Xom's mischief]
 13708 | D:11     | Lost mutation: Your spells are a little harder to cast, but a little more powerful. [Xom's mischief]
 13708 | D:11     | Gained mutation: Your body sometimes deteriorates upon taking damage. [Xom's mischief]
 13708 | D:11     | Lost mutation: Your mind is acute. (Int +2) [Xom's mischief]
 13874 | D:11     | XOM: blink monster(s)
 13875 | D:11     | Found a staircase to the Orcish Mines.
 13881 | D:11     | Reached skill level 14 in Long Blades
 13881 | D:11     | XOM: divination: detect creatures
 13888 | D:11     | XOM: harmless Tloc miscast
 13890 | D:11     | XOM: divination: detect creatures
 14349 | D:12     | Found Rolit's Armour Boutique.
 14497 | D:12     | Noticed Nergalle
 14508 | D:12     | Killed Nergalle
 14628 | D:12     | XOM is BORED!
 14628 | D:12     | XOM: medium Fire miscast
 14711 | D:12     | XOM: mild Air miscast
 14712 | D:12     | Noticed a two-headed ogre
 14719 | D:12     | Killed a two-headed ogre
 14845 | D:12     | XOM: summons 4 friendly demons
 15182 | Lair:1   | Entered Level 1 of the Lair of Beasts
 15188 | Lair:1   | XOM: potion effect (experience)
 15188 | Lair:1   | Reached skill level 15 in Long Blades
 15188 | Lair:1   | Reached skill level 10 in Dodging
 15188 | Lair:1   | Reached XP level 13. HP: 91/91 MP: 17/17
 15203 | Lair:1   | Reached skill level 16 in Long Blades
 15464 | Lair:1   | Reached skill level 5 in Armour
 15534 | Lair:1   | XOM: medium Fire miscast
 15628 | Lair:1   | XOM: 6-stop teleportation journey
 15646 | Lair:1   | XOM: enchant monster (good)
 15696 | Lair:1   | XOM: scenery: create altars
 15710 | Lair:1   | XOM: harmless Chrm miscast
 16133 | Lair:2   | Noticed a seven-headed hydra
 16150 | Lair:2   | XOM: divination: detect creatures
 16184 | Lair:2   | Found a staircase to the Swamp.
 16212 | Lair:2   | XOM: cleaving
 16213 | Lair:2   | XOM: 1-stop teleportation journey
 16227 | Lair:2   | Killed a seven-headed hydra
 16407 | Lair:2   | XOM: medium Conj miscast
 16512 | Lair:2   | XOM: medium Ice miscast
 16561 | Lair:2   | Noticed Ratty's ghost (journeyman TrBe)
 16570 | Lair:2   | XOM: noise
 16595 | Lair:2   | XOM: summons 4 friendly demons
 16601 | Lair:2   | XOM: summons 2 friendly demons
 16614 | Lair:2   | XOM: summons friendly shadow imp
 16615 | Lair:2   | XOM: summons 5 friendly demons
 16633 | Lair:2   | XOM: divination: detect creatures
 16814 | Lair:2   | XOM: confuse monster(s)
 16838 | Lair:2   | Killed Ratty's ghost
 16838 | Lair:2   | Reached XP level 14. HP: 63/99 MP: 18/18
 17403 | Lair:3   | Found a hole to the Spider Nest.
 17411 | Lair:3   | XOM: mild Erth miscast
 17419 | Lair:3   | XOM: enchant monster (bad)
 17469 | Lair:3   | XOM: harmless Summ miscast
 18082 | Lair:3   | XOM: summons friendly ufetubus
 18092 | Lair:3   | Learned a level 1 spell: Apportation
 18422 | Lair:4   | XOM: enchant monster (good)
 18432 | Lair:4   | XOM: scenery: create altars
 18471 | Lair:4   | XOM: harmless Summ miscast
 18522 | Lair:4   | Noticed Urug
 18538 | Lair:4   | Killed Urug
 18598 | Lair:4   | XOM: confuse monster(s)
 18607 | Lair:4   | Reached skill level 10 in Armour
 18678 | Lair:4   | XOM: divination: detect items
 18687 | Lair:4   | XOM: 2-stop teleportation journey
 18719 | Lair:4   | XOM: destruction
 18720 | Lair:4   | XOM: summons 4 friendly demons
 18745 | Lair:4   | XOM: scenery: create altars
 18833 | Lair:4   | XOM: polymorph wyvern -> scorpion
 18870 | Lair:4   | XOM: summons friendly shadow imp
 19090 | Lair:4   | XOM: noise
 19484 | Lair:5   | XOM: enchant monster (good)
 19552 | Lair:5   | XOM: cleaving
 19671 | Lair:5   | XOM: noise
 19679 | Lair:5   | XOM: summons 2 friendly demons
 19729 | Lair:5   | XOM: scenery: create altars
 19742 | Lair:5   | XOM: polymorph fire crab -> wind drake
 19763 | Lair:5   | XOM is BORED!
 19783 | Lair:5   | Identified 2 scrolls of acquirement
 19784 | Lair:5   | Got a bloodstained plate armour
 19795 | Lair:5   | Identified the +4 plate armour "Felavva" {+Fly rC- rN+ Slay+3} (You acquired it on level 5 of the Lair of Beasts)
 20170 | Lair:6   | Entered Level 6 of the Lair of Beasts
 20170 | Lair:6   | Noticed Rupert
 20220 | Lair:6   | Found a viscous altar of Jiyva.
 20220 | Lair:6   | Found a staircase to the Slime Pits.
 20220 | Lair:6   | Found a glowing silver altar of Zin.
 20228 | Lair:5   | XOM: confuse monster(s)
 20306 | Lair:6   | XOM: god gift: 6 exploding tomahawks {god gift}
 20317 | Lair:6   | XOM: confuse monster(s)
 20327 | Lair:6   | XOM: scenery: create altars
 20346 | Lair:6   | XOM: cleaving
 20349 | Lair:6   | Reached XP level 15. HP: 83/108 MP: 19/19
 20351 | Lair:6   | XOM: summons 10 friendly demons
 20387 | Lair:6   | XOM: summons friendly ufetubus
 20546 | Lair:6   | XOM: god gift: scroll of fog {god gift}
 20548 | Lair:6   | Got a pair of dazzling boots
 20559 | Lair:6   | Identified the cursed +0 pair of boots "Iryesmif" {+Blink rF++ Int-4 Dex+4} (You found it on level 6 of the Lair of Beasts)
 20654 | Lair:6   | XOM: summons 2 friendly demons
 20667 | Lair:6   | XOM: divine lightning
 20706 | Lair:6   | XOM: god gift: book of Minor Magic {god gift}
 20711 | Lair:6   | Learned a level 2 spell: Blink
 20716 | Lair:6   | XOM: cast spell 'Summon Ice Beast'
 20729 | Lair:6   | XOM: potion effect (haste)
 20731 | Lair:6   | XOM: summons friendly crimson imp
 20739 | Lair:6   | XOM: summons friendly shadow imp
 20745 | Lair:6   | XOM: polymorph shadow imp -> crimson imp
 20749 | Lair:6   | XOM: destruction
 20787 | Lair:4   | XOM: give mutations
 20787 | Lair:4   | Gained mutation: You have sharp toenails. [Xom's grace]
 20787 | Lair:4   | Gained mutation: You have a pair of small horns on your head. [Xom's grace]
 20787 | Lair:4   | Gained mutation: You have razor-sharp toenails. [Xom's grace]
 20787 | Lair:4   | Gained mutation: You are surrounded by a mild repulsion field. (EV +2) [Xom's grace]
 20789 | Lair:4   | XOM: give mutations
 20789 | Lair:4   | Lost mutation: You have supernaturally acute eyesight. (SInv) [Xom's mischief]
 20789 | Lair:4   | Lost mutation: Your body sometimes deteriorates upon taking damage. [Xom's mischief]
 20789 | Lair:4   | Lost mutation: You are agile. (Dex +2) [Xom's mischief]
 20789 | Lair:4   | Lost mutation: You are partially covered in iridescent scales. (AC +2) [Xom's mischief]
 20881 | D:10     | XOM: severe Pois miscast
 20935 | D:13     | XOM: give mutations
 20935 | D:13     | Lost mutation: You have razor-sharp toenails. [Xom's mischief]
 20935 | D:13     | Lost mutation: You are robust. (+10% HP) [Xom's mischief]
 21070 | D:13     | XOM: swap monsters
 21088 | D:13     | Reached skill level 10 in Fighting
 21148 | D:13     | XOM: harmless Tmut miscast
 21314 | D:13     | XOM: polymorph killer bee -> wolf
 21368 | D:13     | XOM: harmless Tloc miscast
 21372 | D:13     | XOM: enchant monster (bad)
 21642 | D:14     | Noticed Josephine
 21646 | D:13     | XOM: confuse monster(s)
 21651 | D:13     | Killed Josephine
 21715 | D:14     | XOM: silly message
 22017 | D:14     | Noticed Snorg
 22025 | D:14     | XOM: enchant monster (good)
 22033 | D:14     | Killed Snorg
 22111 | D:14     | XOM: chaos cloud
 22123 | D:14     | Paralysed by you for 4 turns
 22178 | D:14     | XOM: mild Fire miscast
 22188 | D:14     | XOM: cast spell 'Statue Form'
 22207 | D:14     | XOM: noise
 22244 | D:14     | XOM: 2-stop teleportation journey
 22275 | D:14     | XOM: confusion
 22495 | D:14     | Found a gate to the Vaults.
 22701 | D:15     | Entered Level 15 of the Dungeon
 22836 | D:14     | XOM: mild Summ miscast
 23053 | D:15     | XOM: cast spell 'Alistair's Intoxication'
 23060 | D:15     | Reached XP level 16. HP: 114/114 MP: 20/20
 23068 | D:15     | XOM: noise
 23151 | D:15     | XOM: chaos upgrade
 23163 | D:15     | XOM: 7-stop teleportation journey
 23286 | D:15     | XOM: god gift: plate armour {god gift}
 23317 | D:15     | Found a staircase to the Depths.
 23317 | D:15     | Noticed a frost giant
 23329 | D:15     | Killed a frost giant
 23366 | D:15     | XOM: harmless Ice miscast
 23713 | D:15     | Noticed a caustic shrike
 23713 | D:15     | a purple very ugly thing changed into a caustic shrike
 23713 | D:15     | XOM: polymorph purple very ugly thing -> caustic shrike
 23717 | D:15     | XOM: confusion
 23855 | Orc:1    | Entered Level 1 of the Orcish Mines
 23855 | Orc:1    | Found Reock's Antique Armour Shoppe.
 23860 | Orc:1    | Bought a pair of embroidered gloves for 247 gold pieces
 23943 | Orc:1    | XOM: enchant monster (bad)
 23965 | Orc:1    | Found a roughly hewn altar of Beogh.
 24354 | Orc:2    | Entered Level 2 of the Orcish Mines
 24431 | Orc:2    | Found a dark tunnel.
 24441 | Volcano  | Entered a volcano
 24453 | Volcano  | XOM: medium Air miscast
 24484 | Volcano  | XOM: noise
 24503 | Volcano  | Found a radiant altar of Vehumet.
 24541 | Volcano  | XOM: mild Necr miscast
 24852 | Orc:2    | Found a roughly hewn altar of Beogh.
 24889 | Orc:2    | Found a roughly hewn altar of Beogh.
 24895 | Orc:2    | XOM: harmless Chrm miscast
 24899 | Orc:2    | XOM: noise
 24903 | Orc:2    | Found Veosofo's Antique Armour Boutique.
 24906 | Orc:2    | XOM: noise
 24927 | Orc:2    | Found a staircase to the Elven Halls.
 25008 | Orc:2    | XOM: confuse monster(s)
 25064 | Orc:2    | Found a roughly hewn altar of Beogh.
 25116 | Orc:2    | XOM: harmless Fire miscast
 25358 | Orc:2    | XOM: chaos cloud
 25418 | Orc:2    | Noticed Saint Roka
 25500 | Orc:2    | XOM: summons 6 friendly demons
 25514 | Orc:2    | Killed Saint Roka
 25722 | Orc:2    | Found Xiw Axergh's Antique Armour Shop.
 25723 | Orc:2    | Found a roughly hewn altar of Beogh.
 25724 | Orc:2    | Found Curoxzus's Antique Weapon Boutique.
 25849 | Orc:2    | Found a roughly hewn altar of Beogh.
 25866 | Orc:2    | Found Exzeodof's Magic Scroll Shoppe.
 25878 | Orc:2    | Bought a scroll of enchant weapon for 90 gold pieces
 25908 | Orc:2    | Found a roughly hewn altar of Beogh.
 25933 | Orc:2    | XOM: give mutations
 25933 | Orc:2    | Gained mutation: You are covered in fur. (AC +1) [Xom's grace]
 25933 | Orc:2    | Gained mutation: Your muscles are strong. (Str +2) [Xom's grace]
 25933 | Orc:2    | Gained mutation: Your mind is acute. (Int +2) [Xom's grace]
 25966 | Orc:1    | Bought a shimmering scale mail for 297 gold pieces
 25966 | Orc:1    | Bought an ichor-stained scale mail for 297 gold pieces
 25976 | Orc:1    | Identified the +3 scale mail of Leaves {SInv} (You bought it in a shop on level 1 of the Orcish Mines)
 25986 | Orc:1    | Identified the +1 scale mail of the Poles {Dex+3} (You bought it in a shop on level 1 of the Orcish Mines)
 25999 | Orc:1    | Bought a hat for 132 gold pieces
 26005 | Orc:1    | Found the +2 pair of boots of the Assassin {Detection Stab+ Stlth++}
 26047 | Orc:2    | Bought a scroll of acquirement for 624 gold pieces
 26047 | Orc:2    | Bought a scroll of blinking for 90 gold pieces
 26047 | Orc:2    | Bought a scroll of teleportation for 36 gold pieces
 26047 | Orc:2    | Bought a scroll of teleportation for 36 gold pieces
 26048 | Orc:2    | Got a slimy crystal plate armour
 26059 | Orc:2    | Identified the +13 crystal plate armour "Ofynweq" {+Blink} (You acquired it on level 2 of the Orcish Mines)
 26182 | D:8      | XOM: divination: detect items
 26198 | D:8      | XOM: blink monster(s)
 26202 | D:8      | XOM: fake destruction
 26209 | D:8      | XOM: harmless Chrm miscast
 26274 | Swamp:1  | Entered Level 1 of the Swamp
 26274 | Swamp:1  | Noticed Louise
 26279 | Swamp:1  | XOM: potion effect (invisibility)
 26281 | Swamp:1  | XOM: divination: magic mapping
 26297 | Swamp:1  | Killed Louise
 26297 | Swamp:1  | Reached XP level 17. HP: 118/118 MP: 21/21
 26348 | Swamp:1  | Found a frozen archway.
 26360 | Swamp:1  | XOM: divination: magic mapping
 26366 | IceCv    | Entered an ice cave
 26661 | IceCv    | XOM: harmless Conj miscast
 27336 | IceCv    | XOM: 2-stop teleportation journey
 27337 | IceCv    | Noticed an Ice Fiend
 27348 | IceCv    | Killed an Ice Fiend
 27359 | IceCv    | Reached skill level 15 in Armour
 27362 | IceCv    | XOM: enchant monster (bad)
 27372 | IceCv    | Reached skill level 15 in Dodging
 27478 | IceCv    | XOM: 2-stop teleportation journey
 27587 | IceCv    | XOM: divination: detect creatures
 27595 | IceCv    | XOM: silly message
 27927 | IceCv    | XOM: harmless Ice miscast
 28037 | Swamp:1  | XOM: noise
 28517 | Swamp:2  | XOM: silly message
 28593 | Swamp:2  | XOM: cloud trail
 28604 | Swamp:2  | XOM: mild Summ miscast
 28664 | Swamp:2  | XOM: medium Tmut miscast
 28693 | Swamp:2  | XOM: god gift: 46 gold pieces {god gift}
 28693 | Swamp:2  | Gained mutation: You are frail. (-10% HP) [mutagenic glow]
 29092 | Swamp:2  | XOM: cloud trail
 29216 | Swamp:2  | Noticed a thorn hunter
 29232 | Swamp:2  | Killed a thorn hunter
 29344 | Swamp:2  | XOM: harmless Tmut miscast
 29766 | Swamp:3  | XOM: stealth player
 29779 | Swamp:3  | XOM: harmless Necr miscast
 29940 | Swamp:3  | XOM: cast spell 'Shadow Creatures'
 29958 | Swamp:3  | XOM: summons friendly white imp
 29965 | Swamp:3  | XOM: potion effect (berserk rage)
 30023 | Swamp:3  | Noticed a thorn hunter
 30038 | Swamp:3  | XOM: summons friendly quasit
 30050 | Swamp:3  | Killed a thorn hunter
 30223 | Swamp:3  | Found a transporter.
 30295 | Swamp:3  | XOM: divination: magic mapping
 30297 | Swamp:3  | XOM: silly message
 30378 | Swamp:3  | Noticed Roxanne
 30404 | Swamp:3  | XOM: summons friendly iron imp
 30599 | Swamp:3  | Found a transporter.
 30750 | Swamp:3  | XOM: summons friendly ufetubus
 30759 | Swamp:3  | XOM: fog
 30953 | Swamp:3  | Noticed a thorn hunter
 30973 | Swamp:3  | Killed a thorn hunter
 31001 | Swamp:3  | Got a pitted wooden ring
 31019 | Swamp:3  | Got a coiled silver ring
 31023 | Swamp:3  | Identified the ring "Apueh" {+Inv +Fly rN+ MR+} (You found it on level 3 of the Swamp)
 31025 | Swamp:3  | Identified the ring "Zuptiu" {rPois Stlth+} (You found it on level 3 of the Swamp)
 31047 | Swamp:4  | Entered Level 4 of the Swamp
 31067 | Swamp:4  | XOM: polymorph hornet -> something unseen
 31122 | Swamp:4  | Reached XP level 18. HP: 113/113 MP: 22/22
 31148 | Swamp:4  | XOM: scenery: create altars
 31149 | Swamp:4  | XOM: enchant monster (good)
 31166 | Swamp:4  | XOM: 1-stop teleportation journey
 31198 | Swamp:4  | XOM: confusion
 31305 | Swamp:4  | XOM: harmless Conj miscast
 31434 | Swamp:4  | XOM: harmless Erth miscast
 31441 | Swamp:4  | XOM: fog
 31479 | Swamp:4  | XOM: confuse monster(s)
 31519 | Swamp:4  | XOM: polymorph swamp dragon -> manticore
 31527 | Swamp:4  | XOM: polymorph manticore -> floating eye
 31535 | Swamp:4  | XOM: enchant monster (bad)
 31544 | Swamp:4  | XOM: cast spell 'Dispersal'
 31594 | Swamp:4  | XOM: potion effect (invisibility)
 31628 | Swamp:4  | XOM: potion effect (berserk rage)
 31635 | Swamp:4  | XOM: harmless Ice miscast
 31639 | Swamp:4  | XOM: potion effect (might)
 31645 | Swamp:4  | XOM: noise
 31660 | Swamp:4  | XOM: smoke on damage
 31798 | Swamp:4  | Got a decaying rune of Zot
 31882 | Swamp:4  | XOM: enchant monster (bad)
 32291 | Spider:1 | Entered Level 1 of the Spider Nest
 32324 | Lair:3   | XOM: noise
 32517 | Lair:3   | XOM: enchant monster (bad)
 32537 | Spider:1 | XOM: cast spell 'Alistair's Intoxication'
 32556 | Spider:1 | XOM: summons 3 friendly demons
 32603 | Spider:1 | XOM: god gift: 55 gold pieces {god gift}
 32890 | Spider:1 | XOM: give mutation
 32890 | Spider:1 | Gained mutation: Your body sometimes deteriorates upon taking damage. [Xom's mischief]
 33243 | Spider:2 | XOM: potion effect (berserk rage)
 33249 | Spider:2 | XOM: summons 8 friendly demons
 33775 | Spider:3 | XOM: silly message
 33802 | Spider:3 | XOM: silly message
 33864 | Spider:3 | XOM: cast spell 'Shadow Creatures'
 34029 | Spider:3 | Reached XP level 19. HP: 109/117 MP: 23/23
 34731 | Spider:3 | XOM: harmless Erth miscast
 35077 | Spider:4 | Entered Level 4 of the Spider Nest
 35424 | Spider:4 | XOM: harmless Conj miscast
 35472 | Spider:4 | XOM: enchant monster (good)
 35474 | Spider:4 | XOM: divination: magic mapping
 35578 | Spider:4 | XOM: cast spell 'Summon Small Mammal'
 35629 | Spider:4 | XOM: god gift: scroll of amnesia {god gift}
 35930 | Spider:4 | XOM: confuse monster(s)
 36448 | Spider:4 | XOM: potion effect (magic)
 36662 | Spider:4 | XOM: potion effect (brilliance)
 36680 | Spider:4 | XOM: cast spell 'Call Canine Familiar'
 36684 | Spider:4 | XOM: cast spell 'Call Canine Familiar'
 36912 | Spider:4 | XOM: harmless Necr miscast
 36925 | Spider:4 | Got a gossamer rune of Zot
 36940 | Spider:4 | XOM: harmless Chrm miscast
 37245 | Vaults:1 | Entered Level 1 of the Vaults
 37264 | Vaults:1 | XOM: potion effect (berserk rage)
 37273 | Vaults:1 | XOM: cast spell 'Leda's Liquefaction'
 37317 | D:14     | XOM: divination: magic mapping
 37339 | D:14     | XOM: divination: detect creatures
 37350 | D:14     | XOM: scenery: 1 fountains blood, 3 doors close
 37583 | Vaults:1 | XOM: harmless Erth miscast
 37593 | Vaults:1 | XOM: mild Conj miscast
 37768 | Vaults:1 | XOM: divination: detect items
 37786 | Vaults:1 | XOM: noise
 37799 | Vaults:1 | Reached XP level 20. HP: 88/123 MP: 26/26
 37803 | Vaults:1 | XOM: divination: magic mapping
 38139 | Vaults:1 | XOM: confuse monster(s)
 38296 | Vaults:1 | XOM: divination: magic mapping
 38429 | Vaults:1 | XOM: harmless Conj miscast
 38774 | Vaults:1 | XOM: noise
 38904 | Vaults:1 | XOM: harmless Summ miscast
 39112 | Vaults:1 | XOM: summons friendly shadow imp
 39125 | Vaults:1 | Reached skill level 17 in Long Blades
 39319 | Vaults:1 | XOM: god gift: ration {god gift}
 39370 | Vaults:2 | XOM: divination: detect items
 39403 | Vaults:2 | XOM: harmless Air miscast
 39478 | Vaults:2 | Paralysed by a floating eye for 3 turns
 39902 | Vaults:2 | Noticed a lich
 39915 | Vaults:2 | XOM: cast spell 'Leda's Liquefaction'
 39920 | Vaults:2 | XOM: cast spell 'Summon Ice Beast'
 39921 | Vaults:2 | Paralysed by a lich for 5 turns
 39931 | Vaults:2 | Killed a lich
 40178 | Vaults:2 | XOM: harmless Pois miscast
 40213 | Vaults:2 | You fall through a shaft!
 40341 | Vaults:3 | XOM: destruction
 40345 | Vaults:3 | XOM: scenery: 1 doors open
 40348 | Vaults:3 | XOM: enchant monster (good)
 40355 | Vaults:3 | XOM: fog
 40369 | Vaults:3 | XOM: divine lightning
 40389 | Vaults:3 | XOM: cast spell 'Shadow Creatures'
 40456 | Vaults:3 | XOM: potion effect (agility)
 40628 | Vaults:3 | Identified the Compendium of Transmutation and Attacks
 40638 | Vaults:3 | XOM: potion effect (might)
 40684 | Vaults:3 | Reached skill level 18 in Long Blades
 40725 | Vaults:3 | XOM: god gift: shiny scale mail {god gift}
 40779 | Vaults:3 | XOM: enchant monster (good)
 40785 | Vaults:3 | Reached XP level 21. HP: 128/128 MP: 27/27
 40790 | Vaults:3 | XOM: chaos upgrade
 40797 | Vaults:3 | XOM: 1-stop teleportation journey
 40926 | Vaults:3 | XOM: scenery: 1 doors close
 40927 | Vaults:3 | XOM: noise
 40930 | Vaults:3 | XOM: confuse monster(s)
 40945 | Vaults:3 | XOM: god gift: 60 gold pieces {god gift}
 40956 | Vaults:3 | XOM: harmless Necr miscast
 41066 | Vaults:3 | XOM: confuse monster(s)
 41305 | Vaults:2 | XOM: summons friendly crimson imp
 41400 | Vaults:2 | XOM: summons 4 friendly demons
 41404 | Vaults:2 | XOM: enchant monster (good)
 41525 | Vaults:2 | XOM: cleaving
 41632 | Vaults:2 | XOM: noise
 41809 | Vaults:2 | Found a staircase to the Crypt.
 41811 | Vaults:2 | XOM: medium Necr miscast
 41926 | Vaults:2 | XOM: harmless Pois miscast
 42120 | Vaults:2 | XOM: confusion
 42122 | Vaults:2 | XOM: summons 4 hostile shadow creatures
 42747 | Vaults:2 | XOM: harmless Necr miscast
 42805 | Vaults:2 | XOM: god gift: whip {god gift}
 43153 | Vaults:3 | Reached skill level 19 in Long Blades
 43185 | Vaults:3 | Found a shadowy altar of Dithmenos.
 43200 | Vaults:3 | XOM: divination: detect creatures
 43204 | Vaults:3 | XOM: scenery: 1 doors close
 43207 | Vaults:3 | XOM: give mutations
 43207 | Vaults:3 | Lost mutation: You are frail. (-10% HP) [Xom's grace]
 43207 | Vaults:3 | Gained mutation: You have an increased reservoir of magic. (+10% MP) [Xom's grace]
 43207 | Vaults:3 | Gained mutation: Your muscles are very strong. (Str +4) [Xom's grace]
 43207 | Vaults:3 | Gained mutation: You have a considerably increased reservoir of magic. (+20% MP) [Xom's grace]
 43534 | Vaults:4 | XOM: summons friendly ufetubus
 43576 | Vaults:4 | Paralysed by a great orb of eyes for 6 turns
 43673 | Vaults:4 | XOM: cleaving
 43687 | Vaults:4 | XOM: polymorph yaktaur -> spriggan
 43726 | Vaults:4 | XOM: summons friendly ufetubus
 43736 | Vaults:4 | XOM: summons friendly crimson imp
 43748 | Vaults:4 | XOM: enchant monster (good)
 43761 | Vaults:4 | Reached XP level 22. HP: 148/148 MP: 34/34
 43762 | Vaults:4 | XOM: smoke on damage
 43791 | Vaults:4 | XOM: summons friendly quasit
 43860 | Vaults:4 | XOM: polymorph stone giant -> quicksilver dragon
 44001 | Vaults:4 | XOM: summons 2 friendly demons
 44144 | Vaults:4 | XOM: confuse monster(s)
 44194 | Vaults:4 | XOM: stat loss: -1 Int (7/8)
 44495 | Vaults:4 | XOM: fog
 44546 | Vaults:4 | XOM: give mutations
 44546 | Vaults:4 | Lost mutation: You have a considerably increased reservoir of magic. (+20% MP) [Xom's mischief]
 44546 | Vaults:4 | Lost mutation: You have sharp toenails. [Xom's mischief]
 44546 | Vaults:4 | Lost mutation: You have a pair of small horns on your head. [Xom's mischief]
 44578 | Vaults:4 | Reached skill level 20 in Long Blades
 44644 | Vaults:4 | XOM: god gift: glowing demon blade {god gift}
 44708 | Vaults:4 | Found Kunn's Magic Scroll Shop.
 44719 | Vaults:4 | Bought a scroll of enchant weapon for 127 gold pieces
 44719 | Vaults:4 | Bought a scroll of torment for 127 gold pieces
 44832 | Vaults:4 | XOM: enchant monster (good)
 45338 | Depths:1 | Entered Level 1 of the Depths
 45338 | Depths:1 | Found a gateway to Hell.
 45448 | Depths:1 | XOM: summons friendly shadow imp
 45452 | Depths:1 | XOM: summons friendly iron imp
 45458 | Depths:1 | XOM: 1-stop teleportation journey
 45496 | D:15     | XOM: harmless Summ miscast
 45613 | Depths:1 | XOM: 3-stop teleportation journey
 45619 | Depths:1 | Found a sparkling altar of Nemelex Xobeh.
 45629 | Depths:1 | XOM: confuse monster(s)
 45656 | Depths:1 | XOM: cast spell 'Summon Dragon'
 45771 | Depths:1 | Noticed Jorgrun
 45778 | Depths:1 | XOM: 7-stop teleportation journey
 45815 | Depths:1 | XOM: cast spell 'Necromutation'
 45886 | Depths:1 | XOM: 8-stop teleportation journey
 45900 | Depths:1 | XOM: cleaving
 45903 | Depths:1 | Killed Jorgrun
 45909 | Depths:1 | XOM: scenery: create altars
 45932 | Depths:1 | XOM: cast spell 'Metabolic Englaciation'
 45938 | Depths:1 | XOM: summons friendly crimson imp
 45939 | Depths:1 | Reached XP level 23. HP: 153/153 MP: 32/32
 46126 | Depths:1 | XOM: silly message
 46145 | Depths:1 | Paralysed by a great orb of eyes for 4 turns
 46152 | Depths:1 | XOM: enchant monster (bad)
 46158 | Depths:1 | XOM: potion effect (haste)
 46408 | Depths:2 | XOM: divination: detect creatures
 46538 | Depths:2 | XOM: confusion (+ monsters)
 46583 | Depths:2 | Noticed a caustic shrike
 46624 | Depths:2 | Found a runed door.
 46661 | Depths:2 | Killed a caustic shrike
 46661 | Depths:2 | Reached skill level 21 in Long Blades
 46753 | Depths:2 | XOM: 3-stop teleportation journey
 46808 | Depths:2 | XOM: confuse monster(s)
 46871 | Depths:2 | XOM: swap monsters
 47069 | Depths:2 | XOM: noise
 47075 | Depths:2 | XOM: divination: magic mapping
 47133 | Depths:2 | XOM: summons 2 friendly demons
 47145 | Depths:2 | XOM: cast spell 'Death Channel'
 47212 | Depths:2 | Paralysed by a floating eye for 3 turns
 47261 | Depths:2 | XOM: destruction
 47263 | Depths:2 | XOM: confuse monster(s)
 47273 | Depths:2 | XOM: enchant monster (good)
 47275 | Depths:2 | XOM: confuse monster(s)
 47515 | Depths:2 | XOM: smoke on damage
 47684 | Depths:2 | XOM: smoke on damage
 47693 | Depths:2 | XOM: scenery: create altars
 47705 | Depths:2 | XOM: scenery: create altars
 47709 | Depths:2 | XOM: scenery: create altars
 47733 | Depths:2 | XOM: smoke on damage
 47734 | Depths:2 | XOM: summons friendly iron imp
 47739 | Depths:2 | XOM: give mutations
 47739 | Depths:2 | Gained mutation: You expend magic power (3 MP) to strengthen your wands. [Xom's grace]
 47739 | Depths:2 | Gained mutation: You possess an exceptional clarity of mind. [Xom's grace]
 47739 | Depths:2 | Gained mutation: You are agile. (Dex +2) [Xom's grace]
 47739 | Depths:2 | Gained mutation: You are partially covered in thin metallic scales. (AC +2) [Xom's grace]
 47819 | Depths:2 | XOM: summons friendly ufetubus
 47870 | Depths:2 | Found a one-way gate leading to the halls of Pandemonium.
 47922 | Depths:2 | XOM: cast spell 'Olgreb's Toxic Radiance'
 47933 | Depths:2 | Got a spiked ring mail
 47934 | Depths:2 | Identified the +2 ring mail of the Bruised Cities {rF+ rN+ Int+4 SInv} (You found it on level 2 of the Depths)
 47967 | Depths:2 | Reached XP level 24. HP: 167/167 MP: 32/32
 47995 | Depths:2 | Noticed a juggernaut
 48019 | Depths:2 | XOM: divination: detect items
 48025 | Depths:2 | XOM: divination: detect items
 48032 | Depths:2 | Killed a juggernaut
 48198 | Depths:3 | XOM: divination: detect creatures
 48200 | Depths:3 | XOM: potion effect (haste)
 48205 | Depths:3 | XOM: cast spell 'Call Canine Familiar'
 48240 | Depths:3 | Reached skill level 15 in Fighting
 48245 | Depths:3 | XOM: cast spell 'Leda's Liquefaction'
 48356 | Depths:3 | XOM: potion effect (might)
 48500 | Depths:3 | Found a magical portal.
 48504 | WizLab   | Entered Doroklohe's Tomb
 48832 | WizLab   | XOM: medium Tmut miscast
 49062 | WizLab   | XOM: potion effect (haste)
 49065 | WizLab   | XOM: divination: detect creatures
 49099 | WizLab   | Found the +2 ratskin cloak {+Rats rPois rN+ Str-1 Int-1 Dex+1}
 49264 | Depths:3 | Noticed a caustic shrike
 49266 | Depths:3 | XOM: harmless Necr miscast
 49274 | Depths:3 | Killed a caustic shrike
 49310 | Depths:3 | XOM: summons friendly ufetubus
 49329 | Depths:3 | XOM: blink monster(s)
 49371 | Depths:3 | XOM: severe Tloc miscast
 49834 | Depths:3 | Noticed Aizul
 49844 | Depths:3 | Killed Aizul
 50062 | Depths:3 | XOM: draining
 50208 | Depths:4 | Found a one-way gate to the infinite horrors of the Abyss.
 50248 | Depths:4 | Paralysed by a sphinx for 7 turns
 50259 | Depths:4 | XOM: blink monster(s)
 50381 | Depths:4 | XOM: mild Fire miscast
 50496 | Depths:4 | XOM: summons friendly shadow imp
 50498 | Depths:4 | XOM: divine lightning
 50502 | Depths:4 | XOM: summons friendly white imp
 50510 | Depths:4 | XOM: cleaving
 50522 | Depths:4 | XOM: polymorph spark wasp -> anaconda
 50577 | Depths:4 | Identified the Compendium of Snow
 50702 | Depths:4 | XOM: give mutations
 50702 | Depths:4 | Gained mutation: You are partially covered in yellow scales. (AC +2) [Xom's grace]
 50702 | Depths:4 | Gained mutation: You have sharp toenails. [Xom's grace]
 50702 | Depths:4 | Gained mutation: Your flesh is cold resistant. (rC+) [Xom's grace]
 50702 | Depths:4 | Gained mutation: You have a pair of small horns on your head. [Xom's grace]
 50912 | Depths:4 | XOM: 1-stop teleportation journey
 51156 | Depths:5 | Entered Level 5 of the Depths
 51186 | Depths:5 | Noticed a caustic shrike
 51187 | Depths:5 | Noticed a caustic shrike
 51190 | Depths:5 | Noticed a caustic shrike
 51191 | Depths:5 | Noticed a caustic shrike
 51205 | Depths:5 | XOM: swap monsters
 51210 | Depths:5 | Killed a caustic shrike
 51213 | Depths:5 | Killed a caustic shrike
 51214 | Depths:5 | XOM: cleaving
 51218 | Depths:5 | Killed a caustic shrike
 51218 | Depths:5 | Reached XP level 25. HP: 133/181 MP: 31/32
 51222 | Depths:5 | XOM: confuse monster(s)
 51224 | Depths:5 | Killed a caustic shrike
 51253 | Depths:5 | XOM: god gift: chain mail {god gift}
 51282 | Depths:5 | XOM: fog
 51317 | Depths:5 | Found a gateway to a ziggurat.
 51334 | Depths:5 | XOM: destruction
 51395 | Depths:5 | XOM: polymorph deep troll -> water nymph
 51448 | Depths:5 | XOM: scenery: create altars
 51585 | Depths:5 | XOM: summons friendly ice devil
 51594 | Depths:5 | XOM: cast spell 'Shadow Creatures'
 51613 | Depths:5 | XOM: enchant monster (bad)
 51616 | Depths:5 | XOM: cast spell 'Cause Fear'
 51676 | Depths:5 | XOM: confuse monster(s)
 51856 | Depths:5 | XOM: confuse monster(s)
 51863 | Depths:5 | Found a gate to the Realm of Zot.
 51871 | Depths:5 | XOM: polymorph ice dragon -> fire dragon
 52041 | Depths:5 | XOM: enchant monster (good)
 52153 | Depths:5 | Found a burning altar of Makhleb.
 52553 | Elf:1    | Entered Level 1 of the Elven Halls
 52646 | Elf:1    | XOM: give mutation
 52646 | Elf:1    | Lost mutation: You can translocate small distances at will. [Xom's mischief]
 52652 | Elf:1    | XOM: swap monsters
 52659 | Elf:1    | Cast into level 3 of the Abyss (a deep elf demonologist)
 52756 | Abyss:3  | XOM: butterfly on damage
 52758 | Abyss:3  | XOM: summons 7 hostile demons
 52759 | Abyss:3  | XOM: polymorph butterfly -> giant cockroach
 52819 | Abyss:3  | XOM: torment (61/186 hp)
 52862 | Abyss:3  | XOM: god gift: 19 arrows {god gift}
 52923 | Elf:1    | Escaped the Abyss
 52926 | Elf:1    | XOM: harmless Necr miscast
 53025 | Orc:2    | XOM: cloud trail
 53102 | Orc:2    | XOM: god gift: potion of lignification {god gift}
 53581 | Elf:1    | Noticed Frances
 53581 | Elf:1    | XOM: harmless Tmut miscast
 53595 | Elf:1    | Killed Frances
 53688 | Elf:1    | XOM: confuse monster(s)
 54137 | D:15     | Killed a caustic shrike
 54324 | Elf:1    | Found Louro's Assorted Antiques.
 54330 | Elf:1    | Bought a potion of curing for 84 gold pieces
 54330 | Elf:1    | Bought a potion of haste for 280 gold pieces
 54330 | Elf:1    | Bought a scroll of fear for 98 gold pieces
 54330 | Elf:1    | Bought a potion of might for 112 gold pieces
 54913 | Elf:2    | XOM: cast spell 'Olgreb's Toxic Radiance'
 54993 | Elf:2    | XOM: scenery: 1 doors close
 55217 | Elf:2    | Found a runed gate.
 55217 | Elf:2    | Found a runed gate.
 55217 | Elf:2    | Found a runed gate.
 55275 | Elf:2    | Noticed Nikola
 55281 | Elf:2    | Reached XP level 26. HP: 196/196 MP: 32/32
 55286 | Elf:2    | Noticed Nikola
 55286 | Elf:2    | Nikola changed into Nikola the iron dragon
 55286 | Elf:2    | XOM: polymorph Nikola -> Nikola the iron dragon
 55293 | Elf:2    | Killed Nikola the iron dragon
 55483 | Elf:2    | XOM: 1-stop teleportation journey
 55725 | Elf:3    | Entered Level 3 of the Elven Halls
 55725 | Elf:3    | Found Zefy's Distillery.
 55734 | Elf:3    | Bought a potion of heal wounds for 85 gold pieces
 55734 | Elf:3    | Bought a potion of heal wounds for 85 gold pieces
 55734 | Elf:3    | Bought a potion of agility for 68 gold pieces
 55957 | Elf:3    | XOM: summons 10 friendly demons
 56020 | Elf:3    | XOM: cloud trail
 56085 | Elf:3    | Found an ancient bone altar of Kikubaaqudgha.
 56478 | Elf:3    | XOM: enchant monster (bad)
 56535 | Elf:3    | XOM: give mutations
 56535 | Elf:3    | Lost mutation: You have a pair of small horns on your head. [Xom's mischief]
 56535 | Elf:3    | Lost mutation: Your body sometimes deteriorates upon taking damage. [Xom's mischief]
 56535 | Elf:3    | Lost mutation: Your muscles are very strong. (Str +4) [Xom's mischief]
 56535 | Elf:3    | Lost mutation: You possess an exceptional clarity of mind. [Xom's mischief]
 56906 | Elf:3    | Got a dazzling scimitar {venom}
 56907 | Elf:3    | Identified the +5 scimitar of Embarrassment {venom, +Fly Int+4} (You took it off a deep elf mage on level 3 of the Elven Halls)
 56960 | Elf:3    | XOM: summons 6 friendly demons
 56990 | Elf:3    | XOM: polymorph deep elf annihilator -> stone giant
 57219 | Elf:3    | XOM: chaos cloud
 57229 | Elf:3    | XOM: swap monsters
 57321 | Elf:3    | XOM: summons 4 hostile shadow creatures
 57367 | Elf:3    | XOM: noise
 57370 | Elf:3    | XOM: enchant monster (good)
 57373 | Elf:3    | XOM: summons 3 friendly demons
 57443 | Elf:3    | Got a slimy jade ring
 57444 | Elf:3    | Identified the ring of Midnight {AC+2 Dex+3} (You found it on level 3 of the Elven Halls)
 57589 | Elf:3    | Got a crude scale mail
 57590 | Elf:3    | Identified the +6 scale mail of the Apprentice {+Inv rN+ Int+4 Dex-2} (You took it off a deep elf high priest on level 3 of the Elven Halls)
 57635 | Elf:3    | Identified the Tome of Displaced Conjuration
 57945 | Crypt:1  | Entered Level 1 of the Crypt
 57971 | Crypt:1  | XOM: medium Hex miscast
 58163 | Crypt:1  | XOM: enchant monster (good)
 58166 | Crypt:1  | XOM: harmless Erth miscast
 58168 | Crypt:1  | XOM: enchant monster (good)
 58490 | Crypt:1  | XOM: divination: magic mapping
 58725 | Crypt:1  | XOM: harmless Hex miscast
 58841 | Crypt:1  | XOM: confusion
 58843 | Crypt:1  | XOM: summons 11 friendly demons
 59083 | Crypt:1  | XOM: give mutations
 59083 | Crypt:1  | Gained mutation: Your muscles are very strong. (Str +4) [Xom's grace]
 59083 | Crypt:1  | Gained mutation: You have razor-sharp toenails. [Xom's grace]
 59083 | Crypt:1  | Gained mutation: You are resistant to hostile enchantments. (MR+) [Xom's grace]
 59083 | Crypt:1  | Gained mutation: Your natural rate of healing is unusually fast. [Xom's grace]
 59253 | Crypt:2  | XOM: enchant monster (good)
 59322 | Crypt:2  | XOM: god gift: thick runed staff {god gift}
 59667 | Crypt:2  | XOM: draining
 59844 | Crypt:3  | Entered Level 3 of the Crypt
 59850 | Crypt:3  | Noticed Margery
 59872 | Crypt:2  | Killed Margery
 59892 | Crypt:3  | XOM: harmless Tloc miscast
 60005 | Crypt:3  | Reached XP level 27. HP: 205/205 MP: 32/32
 60152 | Crypt:3  | XOM: harmless Erth miscast
 60166 | Crypt:3  | XOM: enchant monster (good)
 60220 | Crypt:3  | XOM: scenery: 1 doors open
 60755 | Crypt:3  | Found a staircase to the Tomb.
 60779 | Crypt:3  | Got an ancient lapis lazuli ring
 60780 | Crypt:3  | Identified the ring of the Prince of Darkness {+Fly rPois Int+3 Dex-5 Stlth+} (You found it on level 3 of the Crypt)
 60797 | Crypt:3  | XOM: divination: detect items
 60805 | Crypt:3  | Identified the Compendium of the Hidden Suns
 61006 | Crypt:3  | Noticed Mennas
 61027 | Crypt:3  | XOM: summons 7 hostile demons
 61042 | Crypt:3  | Killed Mennas
 61053 | Crypt:3  | XOM: harmless Fire miscast
 61350 | Crypt:3  | XOM: harmless Conj miscast
 61679 | Crypt:3  | Found an ancient bone altar of Kikubaaqudgha.
 61722 | Crypt:3  | Got a scintillating copper amulet
 61723 | Crypt:3  | Identified the amulet of the Rabble {RegenMP Str+6} (You found it on level 3 of the Crypt)
 61733 | Crypt:3  | Noticed an ancient lich
 61733 | Crypt:3  | XOM: give mutations
 61733 | Crypt:3  | Lost mutation: You are resistant to hostile enchantments. (MR+) [Xom's mischief]
 61733 | Crypt:3  | Lost mutation: You are agile. (Dex +2) [Xom's mischief]
 61733 | Crypt:3  | Lost mutation: Your mind is acute. (Int +2) [Xom's mischief]
 61733 | Crypt:3  | Lost mutation: You expend magic power (3 MP) to strengthen your wands. [Xom's mischief]
 61753 | Crypt:3  | XOM: cast spell 'Cause Fear'
 61763 | Crypt:3  | Killed an ancient lich
 62018 | Vaults:2 | XOM: harmless Chrm miscast
 62159 | Vaults:4 | Bought a scroll of immolation for 59 gold pieces
 62210 | Vaults:5 | Entered Level 5 of the Vaults
 62217 | Vaults:5 | XOM: scenery: create altars
 62222 | Vaults:5 | Reached skill level 22 in Long Blades
 62393 | Vaults:5 | XOM: summons 16 friendly demons
 62405 | Vaults:5 | Noticed an ancient lich
 62406 | Vaults:5 | XOM: potion effect (haste)
 62413 | Vaults:5 | Killed an ancient lich
 62422 | Vaults:5 | XOM: confuse monster(s)
 62442 | Vaults:5 | XOM: summons friendly crimson imp
 62751 | Vaults:5 | XOM: cast spell 'Leda's Liquefaction'
 62761 | Vaults:5 | XOM: divination: magic mapping
 62762 | Vaults:5 | XOM: scenery: create altars
 62789 | Vaults:5 | XOM: summons 2 friendly demons
 62796 | Vaults:5 | XOM: summons 6 friendly demons
 62846 | Vaults:5 | Paralysed by a sphinx for 7 turns
 62852 | Vaults:5 | XOM: enchant monster (good)
 63003 | Vaults:5 | XOM: cleaving
 63008 | Vaults:5 | XOM: destruction
 63036 | Vaults:5 | XOM: divination: detect creatures
 63040 | Vaults:5 | XOM: summons friendly iron imp
 63042 | Vaults:5 | XOM: cast spell 'Shadow Creatures'
 63048 | Vaults:5 | XOM: confuse monster(s)
 63052 | Vaults:5 | Reached skill level 23 in Long Blades
 63106 | Vaults:5 | XOM: 2-stop teleportation journey
 63320 | Vaults:5 | XOM: mild Summ miscast
 63547 | Vaults:5 | XOM: potion effect (berserk rage)
 63568 | Vaults:5 | XOM: potion effect (brilliance)
 63692 | Vaults:5 | Got a clouded ivory ring
 63693 | Vaults:5 | Identified the ring of Lurinuadd {Wiz rElec Slay+3} (You took it off a vault warden on level 5 of the Vaults)
 63981 | Vaults:5 | Got a silver rune of Zot
 64603 | Zot:1    | Entered Level 1 of the Realm of Zot
 64628 | Zot:1    | XOM: potion effect (might)
 64644 | Zot:1    | XOM: potion effect (brilliance)
 64691 | Zot:1    | XOM: harmless Conj miscast
 64879 | Zot:1    | XOM: potion effect (heal wounds)
 64947 | Zot:1    | XOM: potion effect (might)
 65218 | Zot:1    | XOM: potion effect (brilliance)
 65220 | Zot:1    | XOM: harmless Fire miscast
 65224 | Zot:1    | XOM: silly message
 65227 | Zot:1    | XOM: potion effect (heal wounds)
 65280 | Zot:1    | XOM: potion effect (curing)
 65414 | Zot:1    | Reached skill level 24 in Long Blades
 65546 | Zot:1    | XOM: harmless Fire miscast
 65596 | Zot:1    | XOM: potion effect (haste)
 65617 | Zot:1    | XOM: smoke on damage
 65795 | Zot:1    | XOM: divination: magic mapping
 65973 | Zot:1    | XOM: scenery: create altars
 66018 | Zot:2    | XOM: swap monsters
 66041 | Zot:2    | XOM: cleaving
 66042 | Zot:2    | XOM: potion effect (haste)
 66048 | Zot:2    | XOM: fake destruction
 66184 | Zot:2    | XOM: 2-stop teleportation journey
 66260 | Zot:2    | XOM: 2-stop teleportation journey
 66322 | Zot:2    | XOM: cast spell 'Summon Dragon'
 66417 | Zot:2    | XOM: god gift: longbow {god gift}
 66454 | Zot:2    | XOM: god gift: runed quarterstaff {god gift}
 66471 | Zot:2    | XOM: fake destruction
 66479 | Zot:2    | XOM: cleaving
 66491 | Zot:2    | XOM: 5-stop teleportation journey
 66553 | Zot:2    | XOM: medium Conj miscast
 66625 | Zot:2    | Noticed an orb of fire
 66629 | Zot:2    | XOM: divination: detect items
 66634 | Zot:2    | Killed an orb of fire
 66908 | Zot:2    | Noticed an orb of fire
 66911 | Zot:2    | XOM: summons friendly crimson imp
 66923 | Zot:2    | Killed an orb of fire
 67052 | Zot:2    | XOM: give mutations
 67052 | Zot:2    | Gained mutation: Your spells are a little harder to cast, but a little more powerful. [Xom's grace]
 67052 | Zot:2    | Gained mutation: You are robust. (+10% HP) [Xom's grace]
 67052 | Zot:2    | Gained mutation: Your mind is acute. (Int +2) [Xom's grace]
 67052 | Zot:2    | Gained mutation: You can translocate small distances at will. [Xom's grace]
 67274 | Zot:2    | XOM: confusion
 67415 | Zot:2    | XOM: medium Air miscast
 67508 | Zot:2    | XOM: give mutations
 67508 | Zot:2    | Lost mutation: Your natural rate of healing is unusually fast. [Xom's mischief]
 67508 | Zot:2    | Lost mutation: You have razor-sharp toenails. [Xom's mischief]
 67508 | Zot:2    | Lost mutation: Your muscles are very strong. (Str +4) [Xom's mischief]
 67675 | Zot:3    | XOM: medium Chrm miscast
 67693 | Zot:3    | XOM: harmless Pois miscast
 67995 | Zot:3    | XOM: 6-stop teleportation journey
 68459 | Zot:3    | XOM: god gift: jewelled falchion {god gift}
 68639 | Zot:3    | XOM: potion effect (invisibility)
 68670 | Zot:3    | XOM: god gift: glowing dire flail {god gift}
 68683 | Zot:3    | XOM: fog
 68685 | Zot:3    | Noticed an orb of fire
 68696 | Zot:3    | XOM: potion effect (heal wounds)
 68703 | Zot:3    | XOM: cleaving
 68704 | Zot:3    | Killed an orb of fire
 68707 | Zot:3    | XOM: divine lightning
 68712 | Zot:3    | XOM: confuse monster(s)
 68746 | Zot:3    | XOM: confusion (+ monsters)
 68750 | Zot:3    | XOM: confuse monster(s)
 68758 | Zot:3    | XOM: noise
 68761 | Zot:3    | XOM: silly message
 68762 | Zot:3    | XOM: divination: detect creatures
 68767 | Zot:3    | XOM: divination: detect creatures
 68773 | Zot:3    | XOM: summons 3 friendly demons
 69174 | Zot:3    | XOM: give mutations
 69174 | Zot:3    | Lost mutation: You are robust. (+10% HP) [Xom's mischief]
 69174 | Zot:3    | Lost mutation: You have an increased reservoir of magic. (+10% MP) [Xom's mischief]
 69358 | Zot:3    | XOM: noise
 69374 | Zot:3    | Reached skill level 25 in Long Blades
 69652 | Zot:3    | XOM: harmless Summ miscast
 69659 | Zot:4    | XOM: noise
 69696 | Zot:4    | XOM: give mutations
 69696 | Zot:4    | Gained mutation: Your flesh is very cold resistant. (rC++) [Xom's grace]
 69696 | Zot:4    | Gained mutation: You possess an exceptional clarity of mind. [Xom's grace]
 69696 | Zot:4    | Gained mutation: Your mind is very acute. (Int +4) [Xom's grace]
 69696 | Zot:4    | Gained mutation: Your muscles are very strong. (Str +4) [Xom's grace]
 69767 | Zot:4    | XOM: summons friendly white imp
 70028 | Zot:3    | XOM: give mutations
 70028 | Zot:3    | Lost mutation: You possess an exceptional clarity of mind. [Xom's mischief]
 70028 | Zot:3    | Lost mutation: Your flesh is very cold resistant. (rC++) [Xom's mischief]
 70028 | Zot:3    | Lost mutation: Your spells are a little harder to cast, but a little more powerful. [Xom's mischief]
 70256 | Zot:4    | XOM: summons friendly white imp
 70269 | Zot:4    | XOM: summons 9 friendly demons
 70270 | Zot:4    | XOM: fake destruction
 70836 | Zot:4    | XOM: smoke on damage
 71095 | Zot:4    | XOM: 10-stop teleportation journey
 71097 | Zot:4    | XOM: medium Conj miscast
 71118 | Zot:4    | XOM: divine lightning
 71156 | Zot:4    | XOM: scenery: create altars
 71380 | Zot:5    | Entered Level 5 of the Realm of Zot
 71404 | Zot:5    | XOM: potion effect (curing)
 71417 | Zot:5    | XOM: potion effect (might)
 71430 | Zot:4    | XOM: medium Hex miscast
 71710 | Zot:5    | XOM: harmless Fire miscast
 72016 | Zot:4    | XOM: noise
 72036 | Zot:5    | XOM: summons 8 hostile demons
 72067 | Zot:5    | XOM: summons 6 friendly demons
 72102 | Zot:5    | XOM: chaos upgrade
 72285 | Zot:4    | XOM: cloud trail
 72551 | Zot:5    | XOM: potion effect (berserk rage)
 72555 | Zot:5    | XOM: noise
 72566 | Zot:5    | Noticed an ancient lich
 72578 | Zot:5    | XOM: divination: magic mapping
 72580 | Zot:5    | Killed an ancient lich
 72757 | Zot:5    | XOM: summons 11 friendly demons
 72761 | Zot:5    | XOM: summons 2 friendly demons
 72791 | Zot:5    | XOM: 5-stop teleportation journey
 72821 | Zot:5    | XOM: summons friendly quasit
 72823 | Zot:5    | XOM: cast spell 'Dispersal'
 72825 | Zot:5    | XOM: 1-stop teleportation journey
 72840 | Zot:5    | XOM: fog
 72842 | Zot:5    | Reached skill level 26 in Long Blades
 72842 | Zot:5    | XOM: confuse monster(s)
 72848 | Zot:5    | Noticed an ancient lich
 72853 | Zot:5    | Got the Orb of Zot
 73495 | D:1      | XOM: harmless Tloc miscast
 73545 | D:$      | Escaped with the Orb!
